 Dungeon Crawl Stone Soup version 0.28-a0-21-gf74fda84f9 (webtiles) character file.

Game seed: 10633326695582463250

102 ezpacito the Skirmisher (level 4, -6/35 HPs)
             Began as a Demonspawn Abyssal Knight on July 27, 2021.
             Was a Believer of Lugonu.
             Mangled by Crazy Yiuf (15 damage)
             ... on level 2 of the Dungeon.
             The game lasted 00:02:57 (1809 turns).

ezpacito the Skirmisher (Demonspawn Abyssal Knight) Turns: 1809, Time: 00:02:58

Health: -6/35      AC:  9    Str: 13    XL:     4   Next: 50%
Magic:  6/6        EV:  6    Int: 15    God:    Lugonu [**....]
Gold:   85         SH:  0    Dex: 13    Spells: 1/4 levels left

rFire   + . .      SeeInvis .   a - +1 hand axe
rCold   . . .      Faith    .   (no shield)
rNeg    . . .      Spirit   .   d - +0 chain mail
rPois   .          Reflect  .   (no helmet)
rElec   .          Harm     .   (no cloak)
rCorr   .          Rampage  .   (no gloves)
Will    .....                   i - +0 pair of boots
Stlth   ..........              c - amulet of regeneration
HPRegen 1.11/turn               h - ring of protection from fire
MPRegen 0.10/turn               (no ring)

@: no status effects
A: foul stench 1, big brain 1, demonic magic 1
a: Renounce Religion, Depart the Abyss, Bend Space


You were on level 2 of the Dungeon.
You worshipped Lugonu.
Lugonu was pleased with you.
You visited 1 branch of the dungeon, and saw 2 of its levels.
You visited the Abyss 1 time.

You collected 85 gold pieces.

Inventory:

Hand Weapons
 a - a +1 hand axe (weapon)
Missiles
 g - 65 stones (quivered)
Armour
 d - a +0 chain mail (worn)
 i - a +0 pair of boots (worn)
Jewellery
 c - an amulet of regeneration (around neck)
 h - a ring of protection from fire (left hand)
Wands
 j - a wand of digging (5)
Scrolls
 b - a scroll of amnesia {unknown}
 e - 4 scrolls of identify {unknown}
 f - a scroll of holy word {unknown}
Potions
 k - a potion of lignification {unknown}
 l - 2 potions of curing {unknown}
 m - a potion of attraction {unknown}
 n - a potion of brilliance {unknown}


   Skills:
 + Level 3.3 Fighting
 * Level 2.8 Axes
 + Level 0.6 Throwing
 + Level 2.2 Armour
 + Level 1.3 Dodging
 + Level 0.8 Spellcasting
 + Level 0.3 Hexes
 + Level 0.5 Ice Magic
 + Level 3.0 Invocations


You had one spell level left.
You knew the following spells:

 Your Spells              Type           Power      Damage    Failure   Level
a - Corona                Hex            1%         N/A       100%        1
b - Ensorcelled Hibernat  Hex/Ice        2%         N/A       100%        2

Your spell library contained the following spells:

 Spells                   Type           Power      Damage    Failure   Level
 Tukima's Dance           Hex            1%         N/A       100%        3


Dungeon Overview and Level Annotations

Branches:
Dungeon (2/15)

Altars:

Shops:
D:2 (

Annotations:
D:2 Crazy Yiuf


Innate Abilities, Weirdness & Mutations

You may rarely emit foul miasma when damaged in melee.
You have an unusually large brain. (Int +2)
Spells you cast may paralyse adjacent enemies.


Message History

Jessica is almost dead.
Jessica hits you but does no damage.
You closely miss Jessica.
Jessica is almost dead.
Jessica gestures at you while chanting. Pain shoots through your body!
You hit Jessica.
You kill Jessica!
Lugonu accepts your kill.
Your Invocations skill increases to level 3!
No target in view!
No target in view!
No target in view!
No target in view!
No target in view!
No target in view!
No target in view!
No target in view!
No target in view!
n - a white potion
Things that are here:
a +0 dagger; a +0 robe; the human corpse of Jessica
l - 2 fuming puce potions (gained 1)
Found a stone staircase leading up.
Crazy Yiuf shouts!
Crazy Yiuf laughs, "Gnoll koolooloo turtle!"
Could not explore, unopened runed door.
No reachable target in view!
No reachable target in view!
You open the door.
Your chain mail prevents you from hitting Crazy Yiuf.
Crazy Yiuf hits you with a +4 quarterstaff of chaos.
You hit Crazy Yiuf.
Crazy Yiuf is lightly wounded.
Crazy Yiuf hits you with a +4 quarterstaff of chaos!
Crazy Yiuf freezes you.
Crazy Yiuf hits you with a +4 quarterstaff of chaos!
* * * LOW HITPOINT WARNING * * *
You are electrocuted!
You die...

.# #.......# #.## #.# .#
#.####### #.# #.# .# #.#
#.# #.# .# ### ### #.# .#
#.# .## ######## ####.#
..# ##....#.### ###
#....# .##
##......#..##...# ######
## #......####@g...# #
#.....## ###..)#
######.##### ###
........# #######.# #
##.## ###### ######...##
#.#..# ..........##
#.##.#
.#..##.....#########.##<#


You could see Crazy Yiuf.

Vanquished Creatures
  Jessica (D:2)
  2 adders (D:2)
  An adder skeleton (D:2)
  2 worms (D:2)
  A dart slug (D:2)
  6 ball pythons
  5 endoplasms
  2 giant cockroaches (D:1)
  3 goblins
  5 hobgoblins
  2 jackals (D:1)
  A quokka (D:1)
  5 bats
  4 frilled lizards
  3 kobolds
  2 rats (D:1)
45 creatures vanquished.

Notes
Turn   | Place    | Note
-------+----------+-------------------------------------------
     0 | Abyss:1  | ezpacito the Demonspawn Abyssal Knight began the quest for
                  | the Orb.
     0 | Abyss:1  | Reached XP level 1. HP: 18/18 MP: 2/2
    70 | Abyss:1  | Found a broken altar of Ashenzari.
   124 | Abyss:2  | Found a corrupted altar of Lugonu.
   141 | Abyss:2  | Noticed a large abomination
   159 | Abyss:2  | Noticed a vampire
   167 | Abyss:2  | Noticed a large abomination
   168 | D:1      | Escaped the Abyss
   249 | D:1      | Reached skill level 1 in Dodging
   384 | D:1      | Gained mutation: You may rarely emit foul miasma when
                  | damaged in melee. [demonic ancestry]
   384 | D:1      | Reached XP level 2. HP: 24/24 MP: 3/3
   429 | D:1      | Found a faded altar of an unknown god.
   486 | D:1      | Reached * piety under Lugonu
  1087 | D:2      | Gained mutation: You have an unusually large brain. (Int
                  | +2) [demonic ancestry]
  1087 | D:2      | Reached XP level 3. HP: 29/29 MP: 5/5
  1095 | D:2      | Learned a level 1 spell: Corona
  1100 | D:2      | Learned a level 2 spell: Ensorcelled Hibernation
  1277 | D:2      | Found Qowinioh's Antique Weapon Shoppe.
  1306 | D:2      | Reached ** piety under Lugonu
  1307 | D:2      | Gained mutation: Spells you cast may paralyse adjacent
                  | enemies. [demonic ancestry]
  1307 | D:2      | Reached XP level 4. HP: 35/35 MP: 6/6
  1652 | D:2      | Found a runed translucent door.
  1653 | D:2      | Noticed Crazy Yiuf
  1702 | D:2      | Noticed Jessica
  1709 | D:2      | Killed Jessica
  1809 | D:2      | Mangled by Crazy Yiuf

Illustrated notes

Levels and vault maps discovered:
D:1:      denvon_arrival_planthouse, layout_basic,
          chequers_ecumenical_altar_simple_redux
D:2:      layout_loops_ring, serial_shops, nicolae_shop_crystal,
          uniq_crazy_yiuf_cottage, uniq_jessica

Skill      XL: |  1  2  3  4 |
---------------+-------------+-----
Dodging        | 1 |  1.3
Axes           | 2 |  2.8
Armour         | 2 |  2.2
Invocations    | 3 |  3.0
Fighting       | |  3.3
Throwing       | |  0.6
Spellcasting   | |  0.8
Hexes          | |  0.3
Ice Magic      | |  0.5

Action                   |  1- 3 |  4- 6 || total
-------------------------+-------+-------++-------
Melee: Hand axe          |   124 |    30 ||   154
Invok: Depart the Abyss  |     1 |       ||     1
Armor: Chain mail        |    89 |    15 ||   104
       Leather armour    |     3 |       ||     3
Dodge: Dodged            |    43 |     3 ||    46

Table legend: (Time is in decaauts)
 A = Elapsed time spent in this place.
 B = Non-inter-level travel time spent in this place.
 C = Inter-level travel time spent in this place.
 D = Time resting spent in this place.
 E = Time spent auto-exploring this place.
 F = Levels seen in this place.
 G = Mean time per level.
                   A        B        C        D        E       F      G
               +--------+--------+--------+--------+--------+-----+--------+
         Total |   1836 |   1777 |     59 |      0 |   1418 |   4 |  459.0 |
       Dungeon |   1667 |   1608 |     59 |      0 |   1294 |   2 |  833.5 |
         Abyss |    169 |    169 |      0 |      0 |    124 |   2 |   84.5 |
               +--------+--------+--------+--------+--------+-----+--------+

Top non-repeatable levels by time:
     D:1: 909 daAuts
     D:2: 758 daAuts
 Abyss:2: 94 daAuts
 Abyss:1: 74 daAuts
